 Dungeon Crawl Stone Soup version 0.17-a0-701-gb6462b4 (webtiles) character file.

40 namelastname112 the Ducker (level 3, -1/16 HPs)
             Began as a Felid Transmuter on Apr 19, 2015.
             Slain by a giant gecko (4 damage)
             ... on level 1 of the Dungeon.
             The game lasted 00:02:19 (1021 turns).

namelastname112 the Ducker (Felid Transmuter)       Turns: 1021, Time: 00:02:19

Health: -1/16      AC:  1    Str:  6    XL:     3   Next: 30%
Magic:  6/7        EV: 19    Int: 14    God:
Gold:   34         SH:  0    Dex: 17    Spells: 1 memorised, 5 levels left
                                        Lives:  0   Deaths: 0

rFire  . . .     SeeInvis +       - Unarmed
rCold  . . .     Clarity  .     (armour unavailable)
rNeg   . . .     SustAb   .     (shield unavailable)
rPois  .         Gourm    .     (helmet unavailable)
rElec  .         Spirit   .     (cloak unavailable)
rCorr  .         Warding  .     (gloves unavailable)
rMut   .         Stasis   .     (boots unavailable)
MR     .....                    (no amulet)
Stlth  ++........               (no ring)
                                (no ring)

@: appendage, very slightly contaminated, quick, not resistant to hostile
enchantments, unstealthy
A: no armour, no weapons or thrown items, claws 1, fangs 3, horns 2, see
invisible, carnivore 3, speed 1, shaggy fur 1, slow metabolism 1, sharp paws
a: End Transformation


You were on level 1 of the Dungeon.
You were not hungry.
You had grown temporary horns.
You visited 1 branch of the dungeon, and saw 2 of its levels.

You collected 34 gold pieces.

Inventory:

Missiles
 b - 40 arrows
Scrolls
 g - 2 scrolls of random uselessness {unknown}
 i - a scroll of enchant weapon {unknown}
 j - a scroll of identify {unknown}
 l - a scroll of magic mapping {unknown}
 m - a scroll of remove curse {unknown}
Books
 d - a book of Changes

   Spells                             Type                      Level
   a - Beastly Appendage              Transmutation                1
   b - Sticks to Snakes               Transmutation                2
   c - Spider Form                    Transmutation/Poison         3
   d - Ice Form                       Ice/Transmutation            4
   e - Blade Hands                    Transmutation                5
Comestibles
 a - a meat ration
 h - a beef jerky


   Skills:
 + Level 2.0 Fighting
 + Level 3.6 Dodging
 + Level 3.5 Unarmed Combat
 - Level 2.0 Spellcasting
 - Level 2.1 Transmutations


You had 5 spell levels left.
You knew the following spells:

 Your Spells              Type           Power        Failure   Level  Hunger
a - Beastly Appendage     Trmt           #.....       12%         1    ##.....


Dungeon Overview and Level Annotations

Branches:
Dungeon (2/15)

Altars:

Annotations:
D:2 Robin


Innate Abilities, Weirdness & Mutations

You cannot wear armour.
You are incapable of wielding weapons or throwing items.
You have sharp claws.
You have razor-sharp teeth.
You have supernaturally acute eyesight.
You are carnivorous and can eat meat at any time.
You cover ground quickly.
You are covered in fur (AC +1).
You have a slow metabolism.
Your sharp claws are effective at attacking unaware monsters.
You have a pair of horns on your head.


Message History

Confirm with . or Enter, or press ? or * to list all spells.
You miscast Beastly Appendage.
You are very lightly contaminated with residual magic.
Your paws glow momentarily.
The giant gecko closely misses you.
Robin of the Strong Arm comes into view.
She is wielding a mace.
You completely miss the giant gecko. The giant gecko bites you.
Robin shouts!
There is a stone staircase leading up here.
The giant gecko bites you.
You climb upwards.
There is a stone staircase leading down here.
Casting: Beastly Appendage
Confirm with . or Enter, or press ? or * to list all spells.
You grow a pair of large bovine horns.
The giant gecko bites you.
* * * LOW HITPOINT WARNING * * *
You scratch the giant gecko.
The giant gecko begins to bleed from its wounds!
The giant gecko is heavily wounded.
The giant gecko bites you.
You die...

### #...........#.#....#
####..##.##.#.########
##.##.##.#........#
#.....#.#..#####.#
##.#..#.#......#.#
#....#.#.####.#.#
#......#......#.#
#############.l.###########.#
#..............@............#
#.#...#######################
#(#...#♣P.... #.#...#......
#.#...#.PPP♣P. #.#...#...PP.P
#.#...#P.P.P.. #.#...#.P♣♣P.P
#.#...#PPPP.P


You could see a giant gecko (bleeding).

Vanquished Creatures
  An adder (D:2)
  4 bats (D:1)
  2 giant cockroaches (D:1)
  7 goblins (D:1)
  2 hobgoblins (D:1)
  8 jackals (D:1)
  2 kobolds (D:1)
  A giant newt (D:1)
27 creatures vanquished.

Notes
Turn   | Place    | Note
--------------------------------------------------------------
     0 | D:1      | namelastname112, the Felid Transmuter, began the quest for the Orb.
     0 | D:1      | Reached XP level 1. HP: 9/9 MP: 4/4
   137 | D:1      | Reached XP level 2. HP: 6/12 MP: 4/6
   732 | D:1      | Reached XP level 3. HP: 16/16 MP: 7/7
  1012 | D:2      | Noticed Robin
  1021 | D:1      | Slain by a giant gecko

Action                   || total
-------------------------++-------
Melee: Unarmed           ||    79
 Cast: Beastly Appendage ||    12
  Use: Potion            ||     5
 Stab: Sleeping          ||     1
  Eat: Chunk             ||     2
